 Dungeon Crawl Stone Soup version 0.19-b1-3-g7dea586 (webtiles) character file.

184 tv1990 the Cudgeler (level 5, -10/41 HPs)
             Began as a Formicid Monk on Oct 28, 2016.
             Mangled by Menkaure (18 damage)
             ... on level 4 of the Dungeon.
             The game lasted 00:10:16 (3039 turns).

tv1990 the Cudgeler (Formicid Monk)                 Turns: 3039, Time: 00:10:16

Health: -10/41     AC: 11    Str: 15    XL:     5   Next: 96%
Magic:  5/5        EV:  7    Int: 10    God:
Gold:   135        SH:  5    Dex: 14    Spells: 0 memorised, 4 levels left

rFire  . . .     SeeInvis +     y - +0 morningstar
rCold  . . .     Gourm    .     j - +0 chain mail
rNeg   + . .     Faith    .     t - +0 buckler
rPois  .         Spirit   .     (helmet unavailable)
rElec  .         Reflect  .     (no cloak)
rCorr  .         Harm     .     (no gloves)
MR     .....                    (no boots)
Stlth  ..........               (no amulet)
                                n - +3 ring of protection
                                z - ring of positive energy

@: no status effects
A: permanent stasis, dig shafts and tunnels, four strong arms, antennae 3
a: Dig, Shaft Self


You were on level 4 of the Dungeon.
You were hungry.

You visited 1 branch of the dungeon, and saw 4 of its levels.

You collected 135 gold pieces.

Inventory:

Hand Weapons
 a - a +0 mace
 y - a +0 morningstar (weapon)
Armour
 b - a +0 robe
 j - a +0 chain mail (worn)
 l - a +0 ring mail
 p - a +0 scale mail
 t - a +0 buckler (worn)
Jewellery
 e - a +1 ring of evasion
 n - a +3 ring of protection (right hand)
 z - a ring of positive energy (left hand)
Wands
 u - a wand of iceblast (8/15)
Scrolls
 k - 2 scrolls of remove curse
 q - 3 scrolls of identify
 s - a scroll of magic mapping {unknown}
 v - a scroll of immolation
 w - a scroll of blinking {unknown}
 x - a scroll of amnesia {unknown}
 A - a scroll of fear {unknown}
 B - a scroll of enchant armour {unknown}
Potions
 d - 2 potions of curing
 g - a potion of cancellation
 h - 2 potions of flight
 o - 2 potions of degeneration
Comestibles
 c - 4 bread rations
 i - a slice of pizza
 m - a meat ration


   Skills:
 - Level 3.2 Fighting
 + Level 5.4 Maces & Flails
 - Level 2.6 Dodging
 - Level 2.4 Stealth
 * Level 3.0 Shields


You had 4 spell levels left.
You didn't know any spells.

Dungeon Overview and Level Annotations

Branches:
Dungeon (4/15)
 Temple: D:4-7

Altars:
Cheibriados
Elyvilon
Gozag
Nemelex Xobeh
Trog
Uskayaw
Vehumet
Xom
Yredelemnul

Annotations:
D:4 Menkaure


Innate Abilities, Weirdness & Mutations

You are under a permanent stasis effect.
You can dig through walls and to a lower floor.
Your four strong arms can wield two-handed weapons with a shield.
You have a pair of large antennae on your head. (SInv)


Message History

* * * LOW HITPOINT WARNING * * *
Menkaure hits you.
* * * LOW HITPOINT WARNING * * *
You barely miss Menkaure.
Menkaure is lightly damaged.
You feel sick.
You are no longer poisoned.
Menkaure hits you but does no damage.
You hit Menkaure.
Menkaure is moderately damaged.
Menkaure barely misses you. x2
Your chain mail prevents you from hitting Menkaure.
Menkaure is moderately damaged.
Menkaure calls on the powers of darkness!
Your body is wracked with pain!
* * * LOW HITPOINT WARNING * * *
Your chain mail prevents you from hitting Menkaure.
Menkaure is moderately damaged.
Menkaure hits you!!
You die...

### #.. #.#####
#.#...# #.#.#<#
### #.####.#.###
##M###..........#
#@#{#######.#.#.#
####........#...#
#.############
#.# #'# #.....#
#.....# #......
.........


You could see Menkaure.

Vanquished Creatures
  An orc wizard (D:3)
  A worker ant (D:4)
  5 adders
  2 worms (D:2)
  A dart slug (D:1)
  5 leopard geckos
  4 orcs (D:3)
  4 giant cockroaches
  9 goblins
  9 hobgoblins
  A jackal (D:1)
  A ball python (D:1)
  7 bats
  7 frilled lizards
  14 kobolds
  12 rats
83 creatures vanquished.

Notes
Turn   | Place    | Note
-------+----------+-------------------------------------------
     0 | D:1      | tv1990 the Formicid Monk began the quest for the Orb.
     0 | D:1      | Reached XP level 1. HP: 18/18 MP: 1/1
   200 | D:1      | Reached XP level 2. HP: 20/24 MP: 2/2
   543 | D:1      | Reached skill level 4 in Maces & Flails
   543 | D:1      | Reached XP level 3. HP: 29/29 MP: 3/3
  1328 | D:2      | Reached XP level 4. HP: 29/35 MP: 4/4
  1496 | D:2      | Found an opulent altar of Gozag.
  1528 | D:2      | Found a shimmering altar of Xom.
  1530 | D:2      | Found a basalt altar of Yredelemnul.
  1530 | D:2      | Found a hide-covered altar of Uskayaw.
  1532 | D:2      | Found a hide-covered altar of Uskayaw.
  1532 | D:2      | Found a hide-covered altar of Uskayaw.
  1532 | D:2      | Found a snail-covered altar of Cheibriados.
  1882 | D:2      | Reached skill level 5 in Maces & Flails
  1892 | D:2      | Reached skill level 1 in Shields
  1920 | D:3      | Reached XP level 5. HP: 32/41 MP: 5/5
  2058 | D:3      | Found a bloodstained altar of Trog.
  2492 | D:3      | Found a sparkling altar of Nemelex Xobeh.
  2581 | D:3      | Found a radiant altar of Vehumet.
  2581 | D:3      | Found a white marble altar of Elyvilon.
  3014 | D:4      | Noticed Menkaure
  3039 | D:4      | Mangled by Menkaure

Skill      XL: |  1  2  3  4  5 |
---------------+----------------+-----
Maces & Flails | 4 5 |  5.4
Shields        | 1 3 |  3.0
Fighting       | |  3.2
Dodging        | |  2.6
Stealth        | |  2.4

Action                   |  1- 3 |  4- 6 || total
-------------------------+-------+-------++-------
Melee: Mace              |   157 |   115 ||   272
       Morningstar       |       |    57 ||    57
 Abil: Dig               |       |     2 ||     2
  Use: Scroll            |     5 |     4 ||     9
       Potion            |       |     1 ||     1
 Stab: Sleeping          |     6 |       ||     6
  Eat: Chunk             |     1 |     6 ||     7
Armor: Robe              |    33 |       ||    33
       Ring mail         |     6 |       ||     6
       Scale mail        |     6 |       ||     6
       Chain mail        |     2 |    87 ||    89
Dodge: Dodged            |   162 |    70 ||   232
Block: Buckler           |       |    26 ||    26

Table legend:
 A = Turns spent in this place as a percentage of turns spent in the entire game.
 B = Non-inter-level travel turns spent in this place as a percentage of non-inter-level travel turns spent in the entire game.
 C = Inter-level travel turns spent in this place as a percentage of turns spent in this place.
 D = Turns resting spent in this place as a percentage of non-inter-level travel turns spent in this place.
 E = Turns spent auto-exploring this place as a percentage of non-inter-level travel turns spent in this place.
 F = Non-inter-level travel turns spent in this place divided by the number of levels of this place that you've seen.
                   A       B       C       D       E      F
               +-------+-------+-------+-------+-------+----------------------
         Total | 100.0 | 100.0 |   0.7 |   0.8 |  17.8 | 228.0
       Dungeon | 100.0 | 100.0 |   0.7 |   0.8 |  17.8 | 228.0
               +-------+-------+-------+-------+-------+----------------------

Table legend:
 A = Kills in this place as a percentage of kills in entire the game.
 B = Kills by you in this place as a percentage of kills by you in the entire game.
 C = Kills by friends in this place as a percentage of kills by friends in the entire game.
 D = Other kills in this place as a percentage of other kills in the entire game.
 E = Experience gained in this place as a percentage of experience gained in the entire game.
 F = Experience gained in this place divided by the number of levels of this place that you have seen.
                   A       B       C       D       E      F
               +-------+-------+-------+-------+-------+----------------------
         Total | 100.0 | 100.0 |  -nan |  -nan | 100.0 |  66.0
       Dungeon | 100.0 | 100.0 |  -nan |  -nan | 100.0 |  66.0
               +-------+-------+-------+-------+-------+----------------------

Vault maps used:
D:1:      lightli_arrival_statuegarden, st_stairs_11, minmay_pentomino_u4
D:2:      lemuel_coloured_pillars_altar, doesnt_xom_only_xom, first_bread,
          kennysheep_nondescript
D:3:      nemelex_altar_shiori, gammafunk_temple_overflow_statue,
          trog_three_pillars_becter
D:4:      minmay_joined_circles, uniq_blork_the_orc, uniq_edmund, uniq_menkaure
